| TOP OF THE 1ST |
|
Toledo Mud Hens batting - Pitching for Pawtucket Red Sox : RHP Andy Garvin
|
|
Pitching: RHP Andy Garvin
|
|
|
Batting: RHB Brandon O'Malley
|
0-0: SINGLE (Line Drive, 34D, EV 98.8 MPH)
|
|
Batting: RHB Aaron Cusick
|
0-0: Swinging Strike 0-1: Ball 1-1: Swinging Strike 1-2: Strikes out swinging
|
|
Batting: LHB Bill Ford
|
0-0: Ball Brandon O'Malley steals 2nd base 1-0: Called Strike 1-1: Ball 2-1: Ball 3-1: Foul Ball, location: 2F 3-2: Foul Ball, location: 2F 3-2: Foul Ball, location: 2F 3-2: Base on Balls
|
|
Batting: LHB Jon Frederick
|
0-0: Called Strike 0-1: Ball 1-1: SINGLE (Line Drive, 8LS, EV 106.2 MPH) Brandon O'Malley to third Bill Ford to second
|
|
Batting: RHB Dan Becvar
|
0-0: Ball Passed Ball! Brandon O'Malley scores Bill Ford to third Jon Frederick to second 1-0: Foul Ball, location: 2F 1-1: Ball 2-1: Foul Ball, location: 2F 2-2: Foul Ball, location: 2F 2-2: Ball 3-2: Strikes out swinging
|
|
Batting: RHB Jamie Villagrana
|
0-0: Called Strike 0-1: Swinging Strike 0-2: Ball 1-2: Ball 2-2: Foul Ball, location: 2F 2-2: Foul Ball, location: 2F 2-2: Ground out 4-3 (Groundball, 4, EV 102.5 MPH)
|
| Top of the 1st over - 1 run, 2 hits, 0 errors, 2 left on base; Toledo 1 - Pawtucket 0 |
| BOTTOM OF THE 1ST |
|
Pawtucket Red Sox batting - Pitching for Toledo Mud Hens : RHP Wayne McAllister
|
|
Pitching: RHP Wayne McAllister
|
|
|
Batting: SHB Ben Ervin
|
0-0: Called Strike 0-1: Ball 1-1: Ball 2-1: Ball 3-1: Ground out 6-3 (Groundball, 6MS, EV 90.0 MPH)
|
|
Batting: RHB Dave Burwell
|
0-0: Ball 1-0: Foul Ball, location: 2F 1-1: DOUBLE (Line Drive, 9LD, EV 101.2 MPH)
|
|
Batting: RHB Jose Diaz
|
0-0: Ball 1-0: Ball 2-0: Ball 3-0: Base on Balls
|
|
Batting: SHB Willie Koviak
|
0-0: Swinging Strike 0-1: Ball 1-1: Swinging Strike 1-2: Ball 2-2: Strikes out swinging
|
|
Batting: RHB Brandon Perris
|
0-0: Ground out U3 (Groundball, 34S, EV 82.5 MPH)
|
| Bottom of the 1st over - 0 runs, 1 hit, 0 errors, 2 left on base; Toledo 1 - Pawtucket 0 |
| TOP OF THE 2ND |
|
Toledo Mud Hens batting - Pitching for Pawtucket Red Sox : RHP Andy Garvin
|
|
Batting: RHB Joel Miller
|
0-0: Ball 1-0: Foul Ball, location: 2F 1-1: Ball 2-1: Foul Ball, location: 2F 2-2: Foul Ball, location: 2F 2-2: Foul Ball, location: 2F 2-2: Foul Ball, location: 2F 2-2: SINGLE (Groundball, 56D, EV 94.4 MPH)
|
|
Batting: RHB Keith Hoffman
|
0-0: Called Strike 0-1: Ground out U3 (Groundball, 34S, EV 68.8 MPH) Joel Miller to second
|
|
Batting: SHB Chris Wagler
|
0-0: Called Strike 0-1: Fly out, F8 (Flyball, 8LD, EV 97.5 MPH)
|
|
Batting: RHB Brandon O'Malley
|
0-0: Swinging Strike 0-1: Foul Ball, location: 2F 0-2: Ball 1-2: Strikes out swinging
|
| Top of the 2nd over - 0 runs, 1 hit, 0 errors, 1 left on base; Toledo 1 - Pawtucket 0 |
| BOTTOM OF THE 2ND |
|
Pawtucket Red Sox batting - Pitching for Toledo Mud Hens : RHP Wayne McAllister
|
|
Batting: RHB Rodolfo Contreras
|
0-0: Ball 1-0: Ball 2-0: Foul Ball, location: 2F 2-1: SINGLE (Line Drive, 9S, EV 101.9 MPH)
|
|
Batting: RHB Sal Rivera
|
0-0: Ball 1-0: Ball 2-0: Ball 3-0: Called Strike 3-1: Called Strike 3-2: Foul Ball, location: 2F 3-2: Fly out, F7 (Flyball, 78D, EV 105.0 MPH)
|
|
Batting: RHB Joe Evrard
|
0-0: Foul Ball, location: 2F 0-1: Fly out, F8 (Flyball, 8LM, EV 80.6 MPH)
|
|
Batting: RHB Andy Garvin
|
0-0: SINGLE (Groundball, 34D, EV 104.4 MPH) Rodolfo Contreras to second Runner from 2nd tries for 3rd, SAFE, throw by RF made to third
|
|
Batting: SHB Ben Ervin
|
0-0: Foul Ball, location: 2F 0-1: Ball 1-1: Ground out 5-3 (Groundball, 56S, EV 86.2 MPH)
|
| Bottom of the 2nd over - 0 runs, 2 hits, 0 errors, 2 left on base; Toledo 1 - Pawtucket 0 |
| TOP OF THE 3RD |
|
Toledo Mud Hens batting - Pitching for Pawtucket Red Sox : RHP Andy Garvin
|
|
Batting: RHB Aaron Cusick
|
0-0: Fly out, F7 (Flyball, 78S, EV 88.8 MPH)
|
|
Batting: LHB Bill Ford
|
0-0: Ground out U3 (Groundball, 3L, EV 79.4 MPH)
|
|
Batting: LHB Jon Frederick
|
0-0: Ball 1-0: Ball 2-0: Ball 3-0: SINGLE (Line Drive, 8LS, EV 97.5 MPH)
|
|
Batting: RHB Dan Becvar
|
0-0: Called Strike 0-1: Ball 1-1: Fly out, F9 (Flyball, 89M, EV 83.8 MPH)
|
| Top of the 3rd over - 0 runs, 1 hit, 0 errors, 1 left on base; Toledo 1 - Pawtucket 0 |
| BOTTOM OF THE 3RD |
|
Pawtucket Red Sox batting - Pitching for Toledo Mud Hens : RHP Wayne McAllister
|
|
Batting: RHB Dave Burwell
|
0-0: Foul Ball, location: 2F 0-1: Swinging Strike 0-2: Ball 1-2: Ball 2-2: Strikes out looking
|
|
Batting: RHB Jose Diaz
|
0-0: Ball 1-0: Ball 2-0: Ball 3-0: Base on Balls
|
|
Batting: SHB Willie Koviak
|
0-0: Ball 1-0: Ball 2-0: Swinging Strike 2-1: Ball 3-1: Base on Balls Jose Diaz to second
|
|
Batting: RHB Brandon Perris
|
0-0: Foul Ball, location: 2F 0-1: Grounds into double play, 4-6-3 (Groundball, 4, EV 101.2 MPH)
|
| Bottom of the 3rd over - 0 runs, 0 hits, 0 errors, 1 left on base; Toledo 1 - Pawtucket 0 |
| TOP OF THE 4TH |
|
Toledo Mud Hens batting - Pitching for Pawtucket Red Sox : RHP Andy Garvin
|
|
Batting: RHB Jamie Villagrana
|
0-0: Called Strike 0-1: Foul Ball, location: 2F 0-2: Strikes out swinging
|
|
Batting: RHB Joel Miller
|
0-0: Foul Ball, location: 2F 0-1: Ball 1-1: Foul Ball, location: 2F 1-2: Ground out 5-3 (Groundball, 56, EV 79.4 MPH)
|
|
Batting: RHB Keith Hoffman
|
0-0: Ball 1-0: Ball 2-0: Ball 3-0: Base on Balls
|
|
Batting: SHB Chris Wagler
|
0-0: Ball 1-0: Ball 2-0: Called Strike 2-1: Ball 3-1: Base on Balls Keith Hoffman to second
|
|
Batting: RHB Brandon O'Malley
|
0-0: Fielders Choice at 2nd, 6-4 (Groundball, 56, EV 86.2 MPH)
|
| Top of the 4th over - 0 runs, 0 hits, 0 errors, 2 left on base; Toledo 1 - Pawtucket 0 |
| BOTTOM OF THE 4TH |
|
Pawtucket Red Sox batting - Pitching for Toledo Mud Hens : RHP Wayne McAllister
|
|
Batting: RHB Rodolfo Contreras
|
0-0: Called Strike 0-1: Called Strike 0-2: Ball 1-2: Foul Ball, location: 2F 1-2: Foul Ball, location: 2F 1-2: SINGLE (Line Drive, 34, EV 93.8 MPH)
|
|
Batting: RHB Sal Rivera
|
0-0: Ball 1-0: Called Strike 1-1: Called Strike 1-2: Fly out, F8 (Flyball, 8RXD, EV 88.1 MPH)
|
|
Batting: RHB Joe Evrard
|
0-0: Ball Rodolfo Contreras is caught stealing 2nd base 2-4 1-0: Called Strike 1-1: Foul Ball, location: 2F 1-2: Foul Ball, location: 2F 1-2: Ball 2-2: Fly out, F4 (Line Drive, 4, EV 61.9 MPH)
|
| Bottom of the 4th over - 0 runs, 1 hit, 0 errors, 0 left on base; Toledo 1 - Pawtucket 0 |
| TOP OF THE 5TH |
|
Toledo Mud Hens batting - Pitching for Pawtucket Red Sox : RHP Andy Garvin
|
|
Batting: RHB Aaron Cusick
|
0-0: Ball 1-0: Fly out, F8 (Flyball, 8LM, EV 88.1 MPH)
|
|
Batting: LHB Bill Ford
|
0-0: Swinging Strike 0-1: Ball 1-1: Ball 2-1: Foul Ball, location: 2F 2-2: Strikes out swinging
|
|
Batting: LHB Jon Frederick
|
0-0: Foul Ball, location: 2F 0-1: Foul Ball, location: 2F 0-2: Strikes out swinging
|
| Top of the 5th over - 0 runs, 0 hits, 0 errors, 0 left on base; Toledo 1 - Pawtucket 0 |
| BOTTOM OF THE 5TH |
|
Pawtucket Red Sox batting - Pitching for Toledo Mud Hens : RHP Wayne McAllister
|
|
Batting: RHB Andy Garvin
|
0-0: Called Strike 0-1: Swinging Strike 0-2: Strikes out looking
|
|
Batting: SHB Ben Ervin
|
0-0: Called Strike 0-1: Ball 1-1: Ground out 2-3 (Groundball, 2L, EV 69.4 MPH)
|
|
Batting: RHB Dave Burwell
|
0-0: Ball 1-0: Ball 2-0: Foul Ball, location: 2F 2-1: Foul Ball, location: 2F 2-2: Ball 3-2: Base on Balls
|
|
Batting: RHB Jose Diaz
|
0-0: Called Strike 0-1: Called Strike 0-2: Ball 1-2: Ball 2-2: Ball 3-2: Foul Ball, location: 2F 3-2: Foul Ball, location: 2F 3-2: Base on Balls Dave Burwell to second
|
|
Batting: SHB Willie Koviak
|
0-0: Ball 1-0: Reached on error, E5 (Groundball, 56, EV 92.5 MPH) Dave Burwell to third Jose Diaz to second
|
|
Batting: RHB Brandon Perris
|
0-0: Ball 1-0: Ball 2-0: Ball 3-0: Called Strike 3-1: Called Strike 3-2: Foul Ball, location: 2RF, Error on foul ball, E2 3-2: Strikes out swinging
|
| Bottom of the 5th over - 0 runs, 0 hits, 2 errors, 3 left on base; Toledo 1 - Pawtucket 0 |
| TOP OF THE 6TH |
|
Toledo Mud Hens batting - Pitching for Pawtucket Red Sox : RHP Andy Garvin
|
|
Batting: RHB Dan Becvar
|
0-0: Ground out 5-3 (Groundball, 5, EV 90.0 MPH)
|
|
Batting: RHB Jamie Villagrana
|
0-0: Ball 1-0: Ball 2-0: Ball 3-0: Base on Balls
|
|
Batting: RHB Joel Miller
|
0-0: Called Strike 0-1: Swinging Strike 0-2: Ball 1-2: Strikes out swinging
|
|
Batting: RHB Keith Hoffman
|
0-0: Called Strike 0-1: Called Strike 0-2: Ball 1-2: Strikes out swinging
|
| Top of the 6th over - 0 runs, 0 hits, 0 errors, 1 left on base; Toledo 1 - Pawtucket 0 |
| BOTTOM OF THE 6TH |
|
Pawtucket Red Sox batting - Pitching for Toledo Mud Hens : RHP Wayne McAllister
|
|
Batting: RHB Rodolfo Contreras
|
0-0: Ball 1-0: Ball 2-0: Foul Ball, location: 2F 2-1: Foul Ball, location: 2F 2-2: Strikes out swinging
|
|
Batting: RHB Sal Rivera
|
0-0: Called Strike 0-1: Called Strike 0-2: Ball 1-2: Ball 2-2: Strikes out looking
|
|
Batting: RHB Joe Evrard
|
0-0: SOLO HOME RUN (Line Drive, 78XD, EV 105.6 MPH), Distance : 425 ft
|
|
Batting: RHB Andy Garvin
|
0-0: Ball 1-0: Ground out 6-3 (Groundball, 56D, EV 88.1 MPH)
|
| Bottom of the 6th over - 1 run, 1 hit, 0 errors, 0 left on base; Toledo 1 - Pawtucket 1 |
| TOP OF THE 7TH |
|
Toledo Mud Hens batting - Pitching for Pawtucket Red Sox : RHP Andy Garvin
|
|
Pitching: RHP Danny Klomp
|
|
|
Batting: SHB Chris Wagler
|
0-0: Ball 1-0: Ball 2-0: Ball 3-0: Called Strike 3-1: Base on Balls
|
|
Batting: RHB Brandon O'Malley
|
0-0: Foul Ball, location: 2F 0-1: Ball 1-1: Fielders Choice at 2nd, 6-4 (Groundball, 56D, EV 107.5 MPH)
|
|
Batting: RHB Aaron Cusick
|
0-0: Called Strike Brandon O'Malley steals 2nd base 0-1: Foul Ball, location: 2F 0-2: Ball 1-2: Ball 2-2: Fly out, F7 (Flyball, 7, EV 86.2 MPH)
|
|
Batting: LHB Bill Ford
|
0-0: Ball 1-0: Swinging Strike 1-1: Ball 2-1: Foul Ball, location: 2F 2-2: Strikes out swinging
|
| Top of the 7th over - 0 runs, 0 hits, 0 errors, 1 left on base; Toledo 1 - Pawtucket 1 |
| BOTTOM OF THE 7TH |
|
Pawtucket Red Sox batting - Pitching for Toledo Mud Hens : RHP Wayne McAllister
|
|
Pitching: RHP Luis Brown
|
|
|
Batting: SHB Ben Ervin
|
0-0: Swinging Strike 0-1: Called Strike 0-2: Ball 1-2: Ball 2-2: Ball 3-2: Base on Balls
|
|
Batting: RHB Dave Burwell
|
0-0: Ball 1-0: Called Strike 1-1: Ball 2-1: SINGLE (Groundball, 6MD, EV 103.8 MPH) Ben Ervin to second
|
|
Batting: RHB Jose Diaz
|
0-0: Foul Ball, location: 2F 0-1: Swinging Strike 0-2: Strikes out swinging
|
|
Batting: SHB Willie Koviak
|
0-0: Ball 1-0: Ball 2-0: Ball 3-0: Swinging Strike 3-1: Called Strike 3-2: SINGLE (Line Drive, 56D, EV 95.0 MPH) Ben Ervin to third Dave Burwell to second
|
|
Batting: RHB Brandon Perris
|
0-0: Ball 1-0: Ball 2-0: Called Strike 2-1: Fly out, F7 (Flyball, 7, EV 86.9 MPH) Runner from 3rd tags up, OUT at HOME! 7-2
|
| Bottom of the 7th over - 0 runs, 2 hits, 0 errors, 2 left on base; Toledo 1 - Pawtucket 1 |
| TOP OF THE 8TH |
|
Toledo Mud Hens batting - Pitching for Pawtucket Red Sox : RHP Danny Klomp
|
|
Batting: LHB Jon Frederick
|
0-0: Called Strike 0-1: SINGLE (Groundball, 13, EV 87.5 MPH) (infield hit)
|
|
Batting: RHB Dan Becvar
|
0-0: Ball 1-0: Fly out, F8 (Flyball, 8LM, EV 90.6 MPH)
|
|
Pinch Hitting: SHB Scott Bartholomew
|
0-0: Swinging Strike 0-1: Ball 1-1: Called Strike 1-2: Ball 2-2: Strikes out looking
|
|
Batting: RHB Joel Miller
|
0-0: Called Strike 0-1: Ball 1-1: 2-RUN HOME RUN (Flyball, 7D, EV 103.1 MPH), Distance : 406 ft
|
|
Batting: RHB Keith Hoffman
|
0-0: Swinging Strike 0-1: Ball 1-1: Ball 2-1: Ball 3-1: Base on Balls
|
|
Batting: SHB Chris Wagler
|
0-0: Called Strike 0-1: Ball 1-1: Ball 2-1: Ground out 4-3 (Groundball, 4MS, EV 85.0 MPH)
|
| Top of the 8th over - 2 runs, 2 hits, 0 errors, 1 left on base; Toledo 3 - Pawtucket 1 |
| BOTTOM OF THE 8TH |
|
Pawtucket Red Sox batting - Pitching for Toledo Mud Hens : RHP Luis Brown
|
|
Pitching: RHP Chris Kimura
|
|
|
Now at SS: Scott Bartholomew
|
|
|
Batting: RHB Rodolfo Contreras
|
0-0: Called Strike 0-1: Ball 1-1: SINGLE (Line Drive, 9S, EV 105.0 MPH)
|
|
Pinch Hitting: LHB Julian Toney
|
0-0: Ball 1-0: Grounds out, U3 (Groundball, 3L, EV 96.2 MPH)
|
|
Batting: RHB Joe Evrard
|
0-0: Ball 1-0: Called Strike 1-1: Ball 2-1: Ball 3-1: Called Strike 3-2: Ground out 6-3 (Groundball, 6MS, EV 81.9 MPH) Rodolfo Contreras to third
|
|
Batting: LHB Aaron Brannon
|
0-0: Called Strike 0-1: Ball 1-1: Ground out 4-3 (Groundball, 4, EV 86.2 MPH)
|
| Bottom of the 8th over - 0 runs, 1 hit, 0 errors, 1 left on base; Toledo 3 - Pawtucket 1 |
| TOP OF THE 9TH |
|
Toledo Mud Hens batting - Pitching for Pawtucket Red Sox : RHP Danny Klomp
|
|
Pitching: RHP Steve Capizzi
|
|
|
Now in RF: Julian Toney
|
|
|
Batting: RHB Brandon O'Malley
|
0-0: Ground out 4-3 (Groundball, 4S, EV 68.8 MPH)
|
|
Batting: RHB Aaron Cusick
|
0-0: Ball 1-0: Called Strike 1-1: DOUBLE (Flyball, 78D, EV 106.9 MPH)
|
|
Batting: LHB Bill Ford
|
0-0: Ball 1-0: Ball 2-0: SINGLE (Flyball, 9LS, EV 98.1 MPH) Aaron Cusick to third
|
|
Batting: LHB Jon Frederick
|
0-0: Ball 1-0: Fly out, F8 (Flyball, 8RD, EV 100.6 MPH) Runner from 3rd tags up, SCORES, throw by CF
|
|
Batting: RHB Dan Becvar
|
0-0: Ball Bill Ford steals 2nd base 1-0: Called Strike 1-1: Ground out 4-3 (Groundball, 4M, EV 87.5 MPH)
|
| Top of the 9th over - 1 run, 2 hits, 0 errors, 1 left on base; Toledo 4 - Pawtucket 1 |
| BOTTOM OF THE 9TH |
|
Pawtucket Red Sox batting - Pitching for Toledo Mud Hens : RHP Chris Kimura
|
|
Pitching: RHP Martin Murillo
|
|
|
Batting: SHB Ben Ervin
|
0-0: SOLO HOME RUN (Flyball, 9D, EV 98.1 MPH), Distance : 378 ft
|
|
Batting: RHB Dave Burwell
|
0-0: DOUBLE (Groundball, 5L, EV 96.9 MPH)
|
|
Batting: RHB Jose Diaz
|
0-0: Foul Ball, location: 2F 0-1: Ball 1-1: Foul Ball, location: 2F 1-2: Foul Ball, location: 2F 1-2: 2-RUN HOME RUN (Line Drive, 7LD, EV 97.5 MPH), Distance : 368 ft
|
|
Batting: SHB Willie Koviak
|
0-0: Ball 1-0: Ball 2-0: Ball 3-0: Base on Balls
|
|
Pinch Runner at 1st Matt Hinkle:
|
|
|
Batting: RHB Brandon Perris
|
0-0: Called Strike 0-1: Swinging Strike 0-2: Strikes out swinging
|
|
Batting: RHB Rodolfo Contreras
|
0-0: Ball 1-0: Ball 2-0: Called Strike 2-1: Called Strike 2-2: Ball 3-2: Foul Ball, location: 2F 3-2: Foul Ball, location: 2F 3-2: Foul Ball, location: 2F 3-2: Strikes out looking Matt Hinkle is caught stealing 2nd base 2-4 Batter strikes out.
|
| Bottom of the 9th over - 3 runs, 3 hits, 0 errors, 0 left on base; Toledo 4 - Pawtucket 4 |
| TOP OF THE 10TH |
|
Toledo Mud Hens batting - Pitching for Pawtucket Red Sox : RHP Steve Capizzi
|
|
Pitching: LHP John Hotham
|
|
|
Now at 3B: David Norum
|
|
|
Now at SS: Brandon Perris
|
|
|
Batting: SHB Scott Bartholomew
|
0-0: Called Strike 0-1: Ball 1-1: Ball 2-1: Swinging Strike 2-2: Foul Ball, location: 2F 2-2: Ball 3-2: Foul Ball, location: 2F 3-2: Strikes out looking
|
|
Batting: RHB Joel Miller
|
0-0: Swinging Strike 0-1: Called Strike 0-2: Ball 1-2: Strikes out looking
|
|
Batting: RHB Keith Hoffman
|
0-0: Ground out 6-3 (Groundball, P, EV 84.4 MPH)
|
| Top of the 10th over - 0 runs, 0 hits, 0 errors, 0 left on base; Toledo 4 - Pawtucket 4 |
| BOTTOM OF THE 10TH |
|
Pawtucket Red Sox batting - Pitching for Toledo Mud Hens : RHP Martin Murillo
|
|
Pitching: LHP Bobby Jones
|
|
|
Pinch Hitting: RHB Carlos Nolasco
|
0-0: Ball 1-0: Called Strike 1-1: Foul Ball, location: 2F 1-2: Foul Ball, location: 2F 1-2: Strikes out swinging, 2-3 out at first.
|
|
Batting: RHB Joe Evrard
|
0-0: Ball 1-0: Fly out, F6 (Popup, 6, EV 58.8 MPH)
|
|
Batting: RHB Neil Mautone
|
0-0: Ball 1-0: Ball 2-0: Called Strike 2-1: Foul Ball, location: 2F 2-2: Strikes out swinging
|
| Bottom of the 10th over - 0 runs, 0 hits, 0 errors, 0 left on base; Toledo 4 - Pawtucket 4 |
| TOP OF THE 11TH |
|
Toledo Mud Hens batting - Pitching for Pawtucket Red Sox : LHP John Hotham
|
|
Now at 1B: Carlos Nolasco
|
|
|
Now in RF: Dave Burwell
|
|
|
Batting: SHB Chris Wagler
|
0-0: Ball 1-0: Ball 2-0: Ball 3-0: Called Strike 3-1: Base on Balls
|
|
Batting: RHB Brandon O'Malley
|
0-0: Called Strike 0-1: Swinging Strike 0-2: Ball 1-2: Foul Ball, location: 2F 1-2: Ball 2-2: Foul Ball, location: 2F 2-2: Strikes out looking
|
|
Batting: RHB Aaron Cusick
|
0-0: Ball 1-0: Ball 2-0: Ball 3-0: Called Strike 3-1: Foul Ball, location: 2F 3-2: Foul Ball, location: 2F 3-2: Strikes out swinging
|
|
Batting: LHB Bill Ford
|
0-0: Ball 1-0: Called Strike 1-1: Foul Ball, location: 2F 1-2: Ball 2-2: Foul Ball, location: 2F 2-2: Ground out 4-3 (Groundball, 34, EV 102.5 MPH)
|
| Top of the 11th over - 0 runs, 0 hits, 0 errors, 1 left on base; Toledo 4 - Pawtucket 4 |
| BOTTOM OF THE 11TH |
|
Pawtucket Red Sox batting - Pitching for Toledo Mud Hens : LHP Bobby Jones
|
|
Batting: SHB Ben Ervin
|
0-0: Called Strike 0-1: Called Strike 0-2: Foul Ball, location: 2F 0-2: Strikes out swinging, 2-3 out at first.
|
|
Batting: RHB Dave Burwell
|
0-0: Foul Ball, location: 2F 0-1: Swinging Strike 0-2: Foul Ball, location: 2F 0-2: Ball 1-2: Ball 2-2: Fly out, F8 (Flyball, 8RXD, EV 101.9 MPH)
|
|
Batting: RHB Jose Diaz
|
0-0: Foul Ball, location: 2F 0-1: Ball 1-1: Ball 2-1: Foul Ball, location: 2F 2-2: DOUBLE (Flyball, 78XD, EV 115.0 MPH)
|
|
Batting: RHB David Norum
|
0-0: Ball 1-0: Ball 2-0: Ball 3-0: Called Strike 3-1: Base on Balls
|
|
Batting: RHB Brandon Perris
|
0-0: Called Strike 0-1: Ball 1-1: Foul Ball, location: 2F 1-2: Ball 2-2: Strikes out swinging
|
| Bottom of the 11th over - 0 runs, 1 hit, 0 errors, 2 left on base; Toledo 4 - Pawtucket 4 |
| TOP OF THE 12TH |
|
Toledo Mud Hens batting - Pitching for Pawtucket Red Sox : LHP John Hotham
|
|
Batting: LHB Jon Frederick
|
0-0: Ball 1-0: Swinging Strike 1-1: Swinging Strike 1-2: Ball 2-2: Ground out 6-3 (Groundball, 6M, EV 87.5 MPH)
|
|
Batting: RHB Dan Becvar
|
0-0: Foul Ball, location: 2F 0-1: Fly out, F8 (Flyball, 8RD, EV 78.8 MPH)
|
|
Batting: SHB Scott Bartholomew
|
0-0: Ball 1-0: Ball 2-0: Ball 3-0: Called Strike 3-1: Base on Balls
|
|
Pitching: RHP Jose Escobar
|
|
|
Batting: RHB Joel Miller
|
0-0: Called Strike 0-1: Called Strike 0-2: Ball 1-2: Foul Ball, location: 2F 1-2: SINGLE (Groundball, 56D, EV 97.5 MPH) Scott Bartholomew to second
|
|
Batting: RHB Keith Hoffman
|
0-0: Fly out, F8 (Flyball, 78M, EV 91.9 MPH)
|
| Top of the 12th over - 0 runs, 1 hit, 0 errors, 2 left on base; Toledo 4 - Pawtucket 4 |
| BOTTOM OF THE 12TH |
|
Pawtucket Red Sox batting - Pitching for Toledo Mud Hens : LHP Bobby Jones
|
|
Batting: RHB Rodolfo Contreras
|
0-0: Fly out, F9 (Flyball, 89M, EV 91.2 MPH)
|
|
Batting: RHB Carlos Nolasco
|
0-0: Fly out, F5 (Line Drive, 5L, EV 70.6 MPH)
|
|
Batting: RHB Joe Evrard
|
0-0: Foul Ball, location: 2F 0-1: SOLO HOME RUN (Flyball, 78XD, EV 101.9 MPH), Distance : 402 ft
|
| Bottom of the 12th over - 1 run, 1 hit, 0 errors, 0 left on base; Toledo 4 - Pawtucket 5 |
|